 Dungeon Crawl Stone Soup version 0.22-a0-567-gff9aefc (webtiles) character file.

2002 Hebeh the Cleaver (level 9, -20/79 HPs)
             Began as a Minotaur Fighter on June 29, 2018.
             Killed from afar by a smoke demon (23 damage)
             ... with a ball of steam
             ... on level 1 of the Abyss.
             The game lasted 00:18:32 (5294 turns).

Hebeh the Cleaver (Minotaur Fighter)                Turns: 5294, Time: 00:18:32

Health: -20/79     AC: 10    Str: 25    XL:     9   Next: 2%
Magic:  8/8        EV:  8    Int:  5    God:
Gold:   270        SH: 11    Dex: 11    Spells: 8/8 levels left

rFire    . . .     SeeInvis .   a - +1 war axe
rCold    . . .     Gourm    .   c - +0 shield
rNeg     + . .     Faith    .   w - +3 scale mail of the Vanishing Suns {-Cast rN+ MR+}
rPois    .         Spirit   .   (helmet restricted)
rElec    .         Reflect  .   (no cloak)
rCorr    .         Harm     .   (no gloves)
MR       +....     NoCast   +   (no boots)
Stlth    ..........             (no amulet)
HPRegen  0.23/turn              i - +2 ring of strength
MPRegen  0.11/turn              (no ring)

@: no status effects
A: retaliatory headbutt, horns 2
a: no special abilities


You were on level 1 of the Abyss.
You were hungry.

You visited 2 branches of the dungeon, and saw 8 of its levels.
You visited the Abyss 1 time.

You collected 270 gold pieces.

Inventory:

Hand Weapons
 a - a +1 war axe (weapon)
Armour
 b - a +0 scale mail
 c - a +0 shield (worn)
 w - the +3 scale mail of the Vanishing Suns (worn) {-Cast rN+ MR+}
   (You found it on level 4 of the Dungeon)

   It protects you from negative energy.
   It affects your resistance to hostile enchantments.
   It prevents spellcasting.
Jewellery
 i - a +2 ring of strength (left hand)
 C - an uncursed ring of wizardry {unknown}
Wands
 t - a wand of digging (13)
Scrolls
 g - 2 scrolls of teleportation
 h - a scroll of enchant weapon
 m - a scroll of immolation
 p - 4 scrolls of remove curse
 y - 5 scrolls of identify
 z - a scroll of magic mapping
Potions
 d - a potion of might
 e - 2 potions of curing
 j - 4 potions of flight
 k - 2 potions of degeneration {unknown}
 l - a potion of invisibility {unknown}
 n - a potion of ambrosia {unknown}
 o - 3 potions of haste
 q - a potion of berserk rage {unknown}
 r - 2 potions of brilliance {unknown}
 s - 2 potions of mutation {unknown}
 u - a potion of magic {unknown}
 v - 3 potions of lignification {unknown}
 x - a potion of cancellation {unknown}
 A - a potion of heal wounds {unknown}
Comestibles
 f - 6 rations


   Skills:
 + Level 7.3 Fighting
 * Level 9.2 Axes
 + Level 7.3 Armour
 + Level 7.3 Shields


You had 8 spell levels left.
You didn't know any spells.
Your spell library was empty.

Dungeon Overview and Level Annotations

Branches:
Dungeon (7/15)             Temple (1/1) D:5

Altars:
Ashenzari
Cheibriados
Dithmenos
Elyvilon
Fedhas
Gozag
Hepliaklqana
Kikubaaqudgha
Makhleb
Nemelex Xobeh
Sif Muna
Uskayaw
Vehumet
Wu Jian
Xom
Yredelemnul
Zin
The Shining One

Shops:
D:6 (


Innate Abilities, Weirdness & Mutations

You reflexively headbutt those who attack you in melee.
You have a pair of horns on your head.


Message History

The kobold shouts!
You hear a shout!
A kobold demonologist comes into view. It is wielding a dagger.
The kobold moves out of view.
You hear a shout!
The smoke demon gestures at you. Something smites you!
* * * LOW HITPOINT WARNING * * *
The kobold demonologist gestures wildly while chanting.
The smoke demon gestures at you. You block the sticky flame.
The kobold demonologist looks braver for a moment.
The kobold demonologist gestures wildly while chanting.
A kobold comes into view.
You hear a shout!
The hellwing swoops through the air toward you!
You block the hellwing's attack. The hellwing hits you.
* * * LOW HITPOINT WARNING * * *
The smoke demon gestures at you. The ball of steam hits you!
You die...

.? . . ### .##
K.## #.## ##..
#.. #...##4##
##....@.#
#.#$.K§.#
#.##K.K#§## #
#5K53.[..# #.
5..##...##...#
.#!..43....##
...##..3###..#
#...#.......##
.......#....#


You could see a soul eater, a hellwing, a kobold demonologist, a big kobold, an
iron imp, an ufetubus and 2 kobolds.

Vanquished Creatures
  Sigmund (D:4)
  Menkaure (D:5)
  An ice beast (D:4)
  A sky beast (D:5)
  2 ogres
  7 centaurs
  A bullfrog (D:7)
  A crimson imp (D:6)
  A hound (D:5)
  A jelly (D:5)
  2 orc priests
  A centaur skeleton (D:4)
  An iguana (D:5)
  2 orc wizards
  5 worker ants
  Ijyb (D:5)
  A killer bee zombie (D:6)
  A hound skeleton (D:4)
  A worker ant zombie (D:5)
  Robin (D:4)
  7 adders
  6 gnolls (D:4)
  A howler monkey skeleton (D:6)
  2 oozes
  A worm (D:3)
  2 dart slugs
  2 leopard geckos
  28 orcs
  2 ball pythons
  7 bats
  7 giant cockroaches
  11 hobgoblins
  9 jackals
  8 kobolds
  2 quokkas
  6 frilled lizards
  14 goblins
  A leopard gecko zombie (D:6)
  A quokka zombie (D:6)
  9 rats
159 creatures vanquished.

Notes
Turn   | Place    | Note
-------+----------+-------------------------------------------
     0 | D:1      | Hebeh the Minotaur Fighter began the quest for the Orb.
     0 | D:1      | Reached XP level 1. HP: 19/19 MP: 0/0
   150 | D:1      | Reached XP level 2. HP: 27/27 MP: 1/1
   202 | D:1      | Reached skill level 3 in Axes
   738 | D:2      | Reached XP level 3. HP: 33/33 MP: 2/2
   745 | D:2      | Found an opulent altar of Gozag.
   982 | D:2      | Found a deep blue altar of Sif Muna.
  1382 | D:2      | Found a blossoming altar of Fedhas.
  1452 | D:2      | Reached XP level 4. HP: 40/40 MP: 3/3
  1556 | D:3      | Found an ornate altar of the Wu Jian Council.
  1590 | D:3      | Reached skill level 4 in Axes
  1912 | D:3      | Found a burning altar of Makhleb.
  2035 | D:3      | Found a hazy altar of Hepliaklqana.
  2204 | D:4      | Reached XP level 5. HP: 47/47 MP: 4/4
  2327 | D:4      | Reached skill level 5 in Axes
  2355 | D:4      | Reached XP level 6. HP: 54/55 MP: 5/5
  2484 | D:4      | You fall through a shaft for 3 floors!
  2531 | D:7      | Reached skill level 5 in Fighting
  2531 | D:7      | Reached skill level 5 in Armour
  2531 | D:7      | Reached skill level 5 in Shields
  2616 | D:7      | Reached skill level 6 in Axes
  2749 | D:7      | Reached XP level 7. HP: 20/61 MP: 6/6
  3132 | D:6      | Reached skill level 7 in Axes
  3158 | D:6      | Found Fagreiq's Weapon Shop.
  3480 | D:5      | Entered Level 5 of the Dungeon
  3486 | D:5      | Reached XP level 8. HP: 60/70 MP: 7/7
  3829 | D:4      | Noticed Sigmund
  3843 | D:4      | Killed Sigmund
  3843 | D:4      | Reached skill level 8 in Axes
  3946 | D:4      | Noticed Robin
  3977 | D:4      | Killed Robin
  4598 | D:4      | Got a faintly glowing scale mail
  4629 | D:4      | Identified the +3 scale mail of the Vanishing Suns {-Cast rN+ MR+} (You found it on level 4 of the Dungeon)
  4661 | D:5      | Noticed Ijyb
  4672 | D:5      | Killed Ijyb
  4694 | D:5      | Noticed Menkaure
  4701 | D:5      | Killed Menkaure
  4778 | D:5      | Found a glowing golden altar of the Shining One.
  4811 | D:5      | Found a staircase to the Ecumenical Temple.
  4842 | Temple   | Entered the Ecumenical Temple
  5003 | D:5      | Found a basalt altar of Yredelemnul.
  5016 | D:5      | Reached skill level 9 in Axes
  5184 | D:5      | Reached XP level 9. HP: 52/79 MP: 8/8
  5189 | D:5      | Cast into level 1 of the Abyss (centaur)
  5250 | Abyss:1  | Noticed a spatial maelstrom
  5278 | Abyss:1  | Noticed a hellwing
  5278 | Abyss:1  | Noticed a smoke demon
  5279 | Abyss:1  | Noticed a hellwing
  5279 | Abyss:1  | Noticed a smoke demon
  5289 | Abyss:1  | Noticed a kobold demonologist
  5294 | Abyss:1  | Noticed a soul eater
  5294 | Abyss:1  | HP: 3/79 [hellwing (2)]
  5294 | Abyss:1  | Killed from afar by a smoke demon

Vault maps used:
D:1:      dpeg_arrival_arbitrary_c, minmay_tetromino_o2
D:2:      led_sif_pool, lemuel_crystal_altar, grunt_gozag_statues
D:3:      lemuel_round_altar, lemuel_doored_altar, lemuel_round_altar
D:4:      first_ration, kennysheep_generic_room_10, uniq_robin, uniq_sigmund
D:5:      kennysheep_mini_moat, tso_metal_star, temple_fountains, uniq_menkaure,
          uniq_ijyb
D:6:      serial_shops, shop, grunt_ministairs_6
D:7:      grunt_livestock
Temple:   chequers_temple_sunken

Skill      XL: |  1  2  3  4  5  6  7  8 |
---------------+-------------------------+-----
Axes           | 3 4 5 6 7 9 |  9.2
Shields        | 4 5 6 7 |  7.3
Fighting       | 4 5 6 7 |  7.3
Armour         | 4 5 6 7 |  7.3

Action                   |  1- 3 |  4- 6 |  7- 9 || total
-------------------------+-------+-------+-------++-------
Melee: War axe           |    86 |   128 |   169 ||   383
       Headbutt          |    12 |    22 |    25 ||    59
  Use: Scroll            |       |    10 |       ||    10
  Eat: Chunk             |     2 |     4 |     8 ||    14
Armor: Scale mail        |    36 |    39 |    52 ||   127
Dodge: Dodged            |    32 |    34 |    41 ||   107
Block: Shield            |    41 |    77 |    94 ||   212

Table legend:
 A = Spawn XP
 B = Non-spawn XP
 C = Spawn XP percentage of total XP
 D = Spawn monster count
 E = Non-spawn monster count
 F = Spawn count percentage of total count
 G = Total turns spent on level
                    A         B        C        D         E        F      G
               +---------+---------+-------+---------+---------+-------+---------
         Total |       0 |    2860 |   0.0 |       0 |     159 |   0.0 |  5294
               +---------+---------+-------+---------+---------+-------+---------
           D:1 |       0 |      36 |   0.0 |       0 |      25 |   0.0 |   607
           D:2 |       0 |      64 |   0.0 |       0 |      18 |   0.0 |   876
           D:3 |       0 |      67 |   0.0 |       0 |      22 |   0.0 |   715
           D:4 |       0 |     935 |   0.0 |       0 |      52 |   0.0 |  1307
           D:5 |       0 |     812 |   0.0 |       0 |      10 |   0.0 |   540
           D:6 |       0 |     456 |   0.0 |       0 |      18 |   0.0 |   653
           D:7 |       0 |     490 |   0.0 |       0 |      14 |   0.0 |   343
               +---------+---------+-------+---------+---------+-------+---------
